AoeStats
← 不要忘了我们曾经为何而战

QS Arena

503307704Analyzed
1v1 RM · 3mo ago on Aug 31, 2026· 38m 51s· 2 players
Game mode
Random Map
Map size
Tiny (2 player)
Population
200
Speed
Normal
Resources
Standard
Victory
Conquest
Starting age
Dark Age
Ending age
Imperial Age
RankedLock teamsTeams togetherTeam positionsShared explorationLock speedFull tech treeHidden civsTurbo modeCheats
Victory
Defeat
🇦🇺 Spanish · Australia
1236
+15
vs
不要忘了我们曾经为何而战
7:36 Feudal Age
10:00 Loom
12:34 Castle Age
10:26 Double-Bit Axe
10:25 Horse Collar
22:37 Wheelbarrow
23:28 Heavy Plow
26:48 Hand Cart
26:31 Fletching
26:58 Gold Mining
27:54 Thumb Ring
31:45 Imperial Age
29:54 Bow Saw
30:02 Bodkin Arrow
30:07 Pikeman
30:58 Padded Archer Armor
31:11 Bloodlines
31:01 Husbandry
31:18 Elite Skirmisher
34:49 Imperial Age
32:37 Light Cavalry
34:18 Leather Archer Armor
35:12 Squires
35:51 Pikeman
37:35 Crop Rotation
36:51 Hussar
ConditionZero
8:55 Feudal Age
12:24 Castle Age
10:46 Double-Bit Axe
11:07 Horse Collar
12:01 Gold Mining
14:29 Loom
17:11 Fletching
18:59 Bodkin Arrow
23:38 Padded Archer Armor
28:52 Imperial Age
27:37 Leather Archer Armor
28:46 Bow Saw
30:20 Bracer
31:15 Conscription
32:05 Bloodlines
33:04 Husbandry
34:05 Ring Archer Armor
32:57 Elite Skirmisher
Connection lost

Rejoining the realm…

Still unreachable

The connection could not be restored.

Session expired

The server has moved on; the page needs a fresh start.